 Dungeon Crawl Stone Soup version 0.17.0-24-gcfadda4 (console) character file.

122 jw the Cutter (level 5, 0/36 HPs)
             Began as an Octopode Berserker on Nov 17, 2015.
             Was a Priest of Trog.
             Slain by an orc
             ... wielding a +0 trident
              (8 damage)
             ... on level 3 of the Dungeon.
             The game lasted 00:09:31 (3003 turns).

jw the Cutter (Octopode Berserker)                  Turns: 3003, Time: 00:09:31

Health: 0/36       AC:  1    Str: 16    XL:     5   Next: 6%
Magic:  5/5        EV: 12    Int:  9    God:    Trog [***...]
Gold:   90         SH:  3    Dex: 13    Spells: 0 memorised, 4 levels left

rFire  . . .     SeeInvis .     a - +1 short sword
rCold  . . .     Clarity  .     f - +0 buckler
rNeg   . . .     SustAt   .     (helmet restricted)
rPois  .         Gourm    .     c - amulet of resist mutation
rElec  .         Spirit   .     (no ring)
rCorr  .         Warding  .     (no ring)
rMut   +         Stasis   .     (no ring)
MR     .....                    (no ring)
Stlth  ++++......               (no ring)
                                (no ring)
                                (no ring)
                                (no ring)

@: not resistant to hostile enchantments, stealthy
A: almost no armour, amphibious, 8 rings, constrict 8, camouflage 1, gelatinous
body 1
a: Berserk, Trog's Hand, Burn Spellbooks, Renounce Religion


You were on level 3 of the Dungeon.
You worshipped Trog.
Trog was most pleased with you.
You were hungry.

You visited 1 branch of the dungeon, and saw 3 of its levels.

You collected 90 gold pieces.

Inventory:

Hand Weapons
 a - a +1 short sword (weapon)
Missiles
 e - 10 stones (quivered)
 m - 13 poisoned needles
Armour
 f - a +0 buckler (worn)
Jewellery
 c - an amulet of resist mutation (around mantle)
Scrolls
 d - 3 scrolls of identify
 g - a scroll of recharging
 n - a scroll of remove curse
Potions
 i - a potion of curing {unknown}
 k - 2 potions of degeneration {unknown}
Comestibles
 b - 2 bread rations
 h - a beef jerky
 j - a meat ration
 l - a slice of pizza


   Skills:
 + Level 3.6 Fighting
 * Level 3.8 Short Blades
 + Level 0.8 Throwing
 + Level 3.5 Dodging
 * Level 3.4 Stealth
 + Level 0.2 Shields


You had 4 spell levels left.
You didn't know any spells.

Dungeon Overview and Level Annotations

Branches:
Dungeon (3/15)

Altars:
Cheibriados
Dithmenos
Zin

Shops:
D:2 *


Innate Abilities, Weirdness & Mutations

You cannot wear most types of armour.
You are amphibious.
You can wear up to eight rings at the same time.
You can use your tentacles to constrict eight enemies at once.
Your skin changes colour to match your surroundings (Stealth).
Your rubbery body absorbs attacks (AC +1).


Message History

The stone hits the orc but does no damage.
The orc is heavily wounded.
The orc barely misses you.
Attempting RANGED ATTACK TO (-1,-2) Throwing (i - inventory):
e - 12 stones (quivered)
Press: ? - help, Shift-Dir - straight line, f/p - orc
Aim: an orc, wielding a trident and wearing a leather armour (heavily wounded)
You throw a stone.
The stone hits the orc but does no damage.
The orc is heavily wounded.
The orc closely misses you.
Attempting RANGED ATTACK TO (-1,-2) Throwing (i - inventory):
e - 11 stones (quivered)
Press: ? - help, Shift-Dir - straight line, f/p - orc
Aim: an orc, wielding a trident and wearing a leather armour (heavily wounded)
You throw a stone. The stone barely misses the orc.
You block the orc's attack.
An orc comes into view. It is wielding a hand axe.
MOVING TO (4,-7)
The orc hits you with a trident!
You die...

#.# # ##### ####.##### ....
#...# #....#...#
..(..###...####o##.#.#.#
........(........)...#.#
............#.##...###.####
.....###......##..........#
#........####.o..).##....#
#........# #.#x#..##....#
#.....#..####.#....##....#
##.....#.......#...########
.......#.##........#
####.#[#.##......#.##
#.#)#.##......#..#
#.#)#.###'#.#.#..#
#.#.#.###...#.#..#
#.#.#.#....##.#..##


You could see 2 orcs.

Table legend:
 A = Turns spent in this place as a percentage of turns spent in the entire game.
 B = Non-inter-level travel turns spent in this place as a percentage of non-inter-level travel turns spent in the entire game.
 C = Inter-level travel turns spent in this place as a percentage of turns spent in this place.
 D = Turns resting spent in this place as a percentage of non-inter-level travel turns spent in this place.
 E = Turns spent auto-exploring this place as a percentage of non-inter-level travel turns spent in this place.
 F = Non-inter-level travel turns spent in this place divided by the number of levels of this place that you've seen.
                   A       B       C       D       E      F
               +-------+-------+-------+-------+-------+----------------------
         Total | 100.0 | 100.0 |   0.3 |   1.0 |   2.9 | 1475.7
       Dungeon | 100.0 | 100.0 |   0.3 |   1.0 |   2.9 | 1475.7
               +-------+-------+-------+-------+-------+----------------------

Table legend:
 A = Kills in this place as a percentage of kills in entire the game.
 B = Kills by you in this place as a percentage of kills by you in the entire game.
 C = Kills by friends in this place as a percentage of kills by friends in the entire game.
 D = Other kills in this place as a percentage of other kills in the entire game.
 E = Experience gained in this place as a percentage of experience gained in the entire game.
 F = Experience gained in this place divided by the number of levels of this place that you have seen.
                   A       B       C       D       E      F
               +-------+-------+-------+-------+-------+----------------------
         Total | 100.0 | 100.0 |  -nan |  -nan | 100.0 |  58.3
       Dungeon | 100.0 | 100.0 |  -nan |  -nan | 100.0 |  58.3
               +-------+-------+-------+-------+-------+----------------------

Vanquished Creatures
  5 adders
  An ooze (D:1)
  A worm (D:2)
  A giant gecko (D:1)
  5 orcs (D:3)
  6 bats
  5 giant cockroaches
  7 hobgoblins
  3 jackals (D:1)
  11 kobolds
  2 quokkas
  3 ball pythons
  2 giant newts
  3 goblins (D:1)
  8 rats
63 creatures vanquished.

Notes
Turn   | Place    | Note
--------------------------------------------------------------
     0 | D:1      | jw the Octopode Berserker began the quest for the Orb.
     0 | D:1      | Reached XP level 1. HP: 16/16 MP: 1/1
   164 | D:1      | Found a snail-covered altar of Cheibriados.
   176 | D:1      | Reached skill level 1 in Stealth
   176 | D:1      | Reached XP level 2. HP: 15/21 MP: 2/2
   809 | D:1      | Reached XP level 3. HP: 26/26 MP: 3/3
   924 | D:1      | Reached ** piety under Trog
  1548 | D:2      | Found Zin's Purification Station.
  1550 | D:2      | Found a glowing silver altar of Zin.
  1698 | D:2      | Reached XP level 4. HP: 32/32 MP: 4/4
  1779 | D:2      | Found a shadowy altar of Dithmenos.
  2754 | D:3      | Reached *** piety under Trog
  2833 | D:3      | Reached XP level 5. HP: 31/36 MP: 5/5
  3003 | D:3      | Slain by an orc

Action                   |  1- 3 |  4- 6 || total
-------------------------+-------+-------++-------
Melee: Short sword       |    70 |    58 ||   128
Throw: Stone             |    73 |    38 ||   111
Invok: Berserk           |     1 |       ||     1
  Use: Scroll            |     6 |     2 ||     8
       Potion            |       |     1 ||     1
 Stab: Sleeping          |     4 |     6 ||    10
  Eat: Chunk             |     3 |     4 ||     7

Vault maps used:
D:1:      dpeg_arrival_three_same_balls, cheibriados_altar_1
D:2:      nicolae_dithmenos_through_a_glass_darkly, zin_purify, first_bread
D:3:      uniq_grinder
